 Dungeon Crawl Stone Soup version 0.29.1-13-g9f3cf754e1 (webtiles) character file.

Game seed: 941811642082915467

3104 croobank the Conjurer (level 9, -7/68 HPs)
             Began as a Demonspawn Conjurer on Jan 20, 2023.
             Was an Initiate of Gozag.
             Mangled by a two-headed ogre
             ... wielding a +0 giant club
              (21 damage)
             ... on level 7 of the Dungeon.
             The game lasted 00:30:03 (8886 turns).

croobank the Conjurer (Demonspawn Conjurer)         Turns: 8886, Time: 00:30:03

Health: -7/68      AC:  2    Str:  8    XL:     9   Next: 59%
Magic:  17/17      EV: 14    Int: 24    God:    Gozag
Gold:   1011       SH:  0    Dex: 15    Spells: 8/18 levels left

rFire   . . .      SeeInvis .   g - +0 short sword (speed)
rCold   . . .      Faith    .   (no shield)
rNeg    . . .      Spirit   .   a - +0 robe
rPois   .          Reflect  .   (helmet restricted)
rElec   .          Harm     .   o - -1 cloak "Ibbitof" {Regen+}
rCorr   +          Rampage  .   (no gloves)
Will    .....      Rage     9%  (no boots)
Stlth   +++++.....              (no amulet)
HPRegen 1.01/turn               d - ring of resist corrosion
MPRegen 0.15/turn               (no ring)

@: on berserk cooldown, slowed, very slow
A: thin skeletal structure 2, demonic guardian 1, foul stench 2, claws 1, horns
1, berserk 2, evolution 1
a: Renounce Religion, Potion Petition, Call Merchant, Bribe Branch


You were on level 7 of the Dungeon.
You worshipped Gozag.
Gozag was most pleased with you.
You visited 2 branches of the dungeon, and saw 8 of its levels.

You collected 1089 gold pieces.
You paid 78 gold pieces to Gozag.

Inventory:

Hand Weapons
 g - a +0 short sword of speed (weapon)
 i - a +0 war axe
 m - a +0 vampiric hand axe
 t - a +2 dagger of protection
Armour
 a - a +0 robe (worn)
 o - the -1 cloak "Ibbitof" (worn) {Regen+}
   (You found it on level 3 of the Dungeon)

   Regen:     It increases your rate of health regeneration.
Jewellery
 d - a ring of resist corrosion (left claw)
Wands
 h - a wand of iceblast (18)
 x - a wand of digging (4)
Scrolls
 u - 2 scrolls of teleportation
 v - a scroll of identify
Potions
 b - 3 potions of magic
 c - a potion of ambrosia
 e - a potion of mutation
 f - a potion of brilliance {unknown}
 j - a potion of cancellation {unknown}
 l - 2 potions of invisibility {unknown}
 n - a potion of attraction {unknown}
 p - 2 potions of lignification {unknown}
 q - 3 potions of curing {unknown}
 r - 3 potions of heal wounds {unknown}
 s - a potion of flight {unknown}
 w - a potion of haste


   Skills:
 + Level 5.0 Fighting
 + Level 5.2 Dodging
 + Level 5.7 Stealth
 + Level 5.3 Spellcasting
 + Level 6.8 Conjurations
 + Level 5.5 Hexes


You had 8 spell levels left.
You knew the following spells:

 Your Spells              Type           Power      Damage    Failure   Level
a - Magic Dart            Conj           100%       1d8       1%          1
b - Searing Ray           Conj           78%        2d7       1%          2
c - Dazzling Flash        Conj/Hex       72%        N/A       1%          3
d - Fulminant Prism       Conj/Hex       18%        3d11      7%          4

Your spell library contained the following spells:

 Spells                   Type           Power      Damage    Failure   Level
 Freeze                   Ice            24%        1d5       9%          1
 Blink                    Tloc           12%        N/A       13%         2
 Hailstorm                Conj/Ice       22%        3d7       21%         4
 Iskenderun's Mystic Bla  Conj/Tloc      22%        2d6       21%         4
 Frozen Ramparts          Ice            12%        1d2       26%         3
 Lesser Beckoning         Tloc           6%         N/A       26%         3
 Ozocubu's Armour         Ice            6%         N/A       26%         3
 Metabolic Englaciation   Hex/Ice        9%         N/A       58%         5
 Manifold Assault         Tloc           6%         N/A       93%         5
 Ozocubu's Refrigeration  Ice            3%         4d8       100%        7
 Simulacrum               Ice/Necr       Unusable   N/A       N/A         6

Dungeon Overview and Level Annotations

Branches:
Dungeon (7/15)             Temple (1/1) D:4

Altars:
Ashenzari
Dithmenos
Fedhas
Gozag
Hepliaklqana
Kikubaaqudgha
Makhleb
Nemelex Xobeh
Okawaru
Qazlal
Ru
Sif Muna
Uskayaw
Vehumet
Wu Jian
Xom
Yredelemnul

Shops:
D:5 *

Annotations:
Temple 2 transporters


Innate Abilities, Weirdness & Mutations

You have a moderately thin skeletal structure. (Dex +4, Stealth++)
A weak demonic guardian rushes to your aid.
You sometimes emit foul miasma when damaged in melee.
You have sharp fingernails.
You have a pair of small horns on your head.
You have an uncontrollable temper.
You have hidden genetic potential.


Message History

There is an open door here.
Found a ring mail.
You feel yourself speed up.
You recover from your berserk rage.
An orc comes into view. It is wielding a +0 hand axe.
An orc is nearby!
A red film seems to cover your vision as you go berserk!
You feel yourself moving faster!
You feel mighty!
The orc shouts!
You puncture the orc!
You kill the orc!
You hear a shout! x2; You hear a roar!
No target in view!
Calm down first, please.
Unknown command.
You hear two shouts!
You feel a strong urge to attack something.
You now have 1011 gold pieces (gained 22).
You see here a +0 hand axe.
You feel your anger nearly subside.
You are no longer berserk.
You are exhausted.
You feel yourself slow down.
A death knight and an ufetubus come into view.
A two-headed ogre comes into view.
It is wielding a +0 giant club and a +0 giant spiked club.
The death knight moves out of view.
A centaur comes into view.
An orc wizard comes into view. It is wielding a +0 falchion.
The two-headed ogre hits you with a +0 giant club!!
A demonic guardian appears!
The two-headed ogre hits you with a +0 giant spiked club!!
* * * LOW HITPOINT WARNING * * *
The death knight shouts!
The two-headed ogre hits your shadow imp with a +0 giant club!!
Your shadow imp dies!
Your shadow imp disappears in a puff of smoke!
The two-headed ogre hits you with a +0 giant club!
* * * LOW HITPOINT WARNING * * *
The two-headed ogre hits you with a +0 giant spiked club!!
You die...
Your body crumbles into a pile of gold.

#..#.♣.♣ ♣♣ $
#..#♣.♣.♣#♣.p.♣.
#..#.♣.♣c..~~c.#
#..#♣.♣.♣#♣.~.♣o #..# ♣.♣.#
♣♣ #..###p### ######### #
#..#..)..♣♣♣........ .♣♣
#..#.♣♣♣c♣♣.###########.♣#.
#..#. ♣.O@.').)).....'....
#..#.♣♣♣.♣♣.###########.♣♣.
#..#..[..♣♣♣...........♣♣
#..#############...########
#..........................
#.......)..................
###########..........[#####
#.#########.# #)# #)#


You could see a death knight, a two-headed ogre and a centaur.

Vanquished Creatures
  Prince Ribbit (D:7)
  A yak (D:7)
  3 steam dragons
  Edmund (D:4)
  An ice beast (D:5)
  2 orc warriors
  A sky beast (D:6)
  2 black bears
  An ogre (D:5)
  A centaur (D:7)
  A phantom (D:5)
  4 bullfrogs
  3 scorpions
  3 necrophages
  2 hounds
  A jelly (D:5)
  7 orc priests
  A gnoll bouda (D:6)
  2 iguanas
  6 orc wizards
  Robin (D:2)
  10 gnolls
  9 adders
  A shadow imp (D:6)
  A white imp (D:6)
  4 worms
  A dart slug (D:3)
  24 orcs
  6 bats
  8 endoplasms
  3 giant cockroaches
  12 goblins
  2 hobgoblins
  A quokka (D:3)
  7 ball pythons
  7 kobolds
  7 rats
  A spectral orc (D:3)
149 creatures vanquished.

Vanquished Creatures (others)
  A white imp (D:7)
  An orc (D:7)
2 creatures vanquished.

Grand Total: 151 creatures vanquished

Notes
Turn   | Place    | Note
-------+----------+-------------------------------------------
     0 | D:1      | croobank the Demonspawn Conjurer began the quest for the
                  | Orb.
     0 | D:1      | Reached XP level 1. HP: 13/13 MP: 3/3
   327 | D:1      | Gained mutation: You may rarely emit foul miasma when
                  | damaged in melee. [demonic ancestry]
   327 | D:1      | Reached XP level 2. HP: 19/19 MP: 1/5
   651 | D:1      | Found a faded altar of an unknown god.
   812 | D:1      | Learned a level 2 spell: Searing Ray
  1258 | D:2      | Found an ornate altar of the Wu Jian Council.
  1301 | D:2      | Reached XP level 3. HP: 23/24 MP: 0/6
  1624 | D:2      | Noticed Robin
  1864 | D:2      | Killed Robin
  2550 | D:2      | Gained mutation: You have a somewhat thin skeletal
                  | structure. (Dex +2, Stealth+) [demonic ancestry]
  2550 | D:2      | Reached XP level 4. HP: 30/30 MP: 3/7
  2796 | D:2      | Learned a level 3 spell: Dazzling Flash
  3241 | D:3      | Noticed a black bear
  3251 | D:3      | Killed a black bear
  3252 | D:3      | Reached skill level 1 in Hexes
  3252 | D:3      | Gained mutation: You sometimes emit foul miasma when
                  | damaged in melee. [demonic ancestry]
  3252 | D:3      | Reached XP level 5. HP: 28/35 MP: 1/9
  3382 | D:3      | Identified the -1 cloak "Ibbitof" {Regen+}
  3729 | D:3      | Found a hazy altar of Hepliaklqana.
  3929 | D:3      | Found a shimmering blue altar of Sif Muna.
  4001 | D:4      | Found a staircase to the Ecumenical Temple.
  4011 | Temple   | Entered the Ecumenical Temple
  4011 | Temple   | Found a transporter.
  4011 | Temple   | Found a transporter.
  4013 | Temple   | Found a transporter.
  4013 | Temple   | Found a transporter.
  4027 | Temple   | Became a worshipper of Gozag Ym Sagoz the Greedy
  4055 | D:4      | HP: 1/36 [gnoll/+0 spear (2)]
  4062 | D:4      | Found a hide-covered altar of Uskayaw.
  4062 | D:4      | Found a broken altar of Ashenzari.
  4125 | D:4      | Reached skill level 1 in Fighting
  4186 | D:4      | Reached XP level 6. HP: 43/43 MP: 7/10
  4567 | D:4      | Found an ornate altar of the Wu Jian Council.
  4572 | D:4      | Noticed Edmund
  4640 | D:4      | Killed Edmund
  4914 | D:4      | Reached skill level 5 in Conjurations
  5175 | D:5      | Entered Level 5 of the Dungeon
  5247 | D:4      | Gained mutation: You have a moderately thin skeletal
                  | structure. (Dex +4, Stealth++) [demonic ancestry]
  5247 | D:4      | Reached XP level 7. HP: 24/51 MP: 5/12
  5601 | D:5      | Found Buejiz's Overcharged Wands.
  6230 | D:5      | Reached XP level 8. HP: 58/58 MP: 4/13
  6513 | D:5      | Found a burning altar of Makhleb.
  6956 | D:6      | Reached skill level 5 in Hexes
  7030 | D:6      | Reached skill level 6 in Conjurations
  7121 | D:6      | Found a blossoming altar of Fedhas.
  7249 | D:6      | Gained mutation: You sometimes lose your temper in combat.
                  | [potion of mutation]
  7249 | D:6      | Gained mutation: You have sharp fingernails. [potion of
                  | mutation]
  7249 | D:6      | Gained mutation: You have an uncontrollable temper. [potion
                  | of mutation]
  7249 | D:6      | Gained mutation: You have hidden genetic potential. [potion
                  | of mutation]
  7372 | D:6      | Reached skill level 5 in Stealth
  7443 | D:6      | Gained mutation: A weak demonic guardian rushes to your
                  | aid. [demonic ancestry]
  7443 | D:6      | Reached XP level 9. HP: 65/65 MP: 2/16
  7581 | D:6      | Found a sacrificial altar of Ru.
  7913 | D:7      | Learned a level 4 spell: Fulminant Prism
  8221 | D:7      | Found a basalt altar of Yredelemnul.
  8665 | D:7      | Noticed Prince Ribbit
  8675 | D:7      | Reached skill level 5 in Spellcasting
  8696 | D:7      | Reached skill level 5 in Dodging
  8699 | D:7      | Killed Prince Ribbit
  8715 | D:7      | Gained mutation: You have a pair of small horns on your
                  | head. [hidden potential]
  8832 | D:7      | Reached skill level 5 in Fighting
  8878 | D:7      | Noticed a death knight
  8878 | D:7      | Noticed a two-headed ogre
  8886 | D:7      | Mangled by a two-headed ogre

Illustrated notes

Levels and vault maps discovered:
D:1:      dpeg_arrival_fog, layout_basic, shapermc_ecumenical_altar_pompeii,
          moated_statue
D:2:      layout_basic, basic_altar, serial_rivers,
          chequers_serial_rivers_micro_b, chequers_serial_rivers_micro_b,
          chequers_serial_rivers_small_a, chequers_serial_rivers_room_b,
          minmay_tetromino_l2, uniq_robin
D:3:      layout_basic, nicolae_sif_muna_little_library,
          nicolae_hepliaklqana_monster_ancestors,
          amethyst_overflow_temple_binary, st_stairs_6
D:4:      layout_loops_cross, gammafunk_temple_overflow_forgotten,
          minmay_temple_entry_glass, uniq_edmund
D:5:      layout_rooms, kennysheep_little_box, grunt_ministairs_6,
          nicolae_shop_overcharged_wands
D:6:      layout_rooms, fedhas_altar_fruit_tree, nicolae_ru_sacrificial_ziggurat
D:7:      nzn_winding_woodlands_medium [nzn_winding_woodlands_5x5_closed_star,
          nzn_winding_woodlands_5x15_pockets, nzn_winding_woodlands_5x5_default,
          nzn_winding_woodlands_5x5_checkerboard,
          nzn_winding_woodlands_center_triple_pond,
          nzn_winding_woodlands_hourglass, nzn_winding_woodlands_5x5_perimeter,
          nzn_winding_woodlands_5x15_longhouse,
          nzn_winding_woodlands_5x5_three], layout_basic,
          grunt_temple_overflow_holy_war, uniq_prince_ribbit1
Temple:   hellmonk_temple_divided_pantheon

Skill      XL: |  1  2  3  4  5  6  7  8  9 |
---------------+----------------------------+-----
Stealth        | 2 3 4 5 |  5.7
Dodging        | 2 3 4 5 |  5.2
Hexes          | 1 2 4 5 |  5.5
Spellcasting   | 3 4 5 |  5.3
Fighting       | 1 2 3 4 5 |  5.0
Conjurations   | 5 6 |  6.8

Action                   |  1- 3 |  4- 6 |  7- 9 || total
-------------------------+-------+-------+-------++-------
Melee: Unarmed           |    10 |       |       ||    10
       Dagger            |     9 |    52 |     7 ||    68
       Punch             |       |     1 |       ||     1
       Short sword       |       |       |   142 ||   142
       Headbutt          |       |       |     2 ||     2
 Cast: Magic Dart        |    54 |    33 |    38 ||   125
       Searing Ray       |    13 |    22 |    44 ||    79
       Dazzling Flash    |       |     5 |    11 ||    16
  Use: Scroll            |     2 |     5 |     4 ||    11
       Potion            |       |     3 |     1 ||     4
 Stab: Invisible         |       |     3 |     4 ||     7
       Sleeping          |       |       |     2 ||     2
Armor: Robe              |    11 |    36 |    43 ||    90
Dodge: Dodged            |    21 |    92 |   142 ||   255
